 Dungeon Crawl Stone Soup version 0.30-a0-1160-g6e42c06551 (webtiles) character file.

Game seed: 10104185456191688795

51826 juan097 the Grappler (level 14, -9/122 HPs)
             Began as a Red Draconian Transmuter on Apr 25, 2023.
             Was the Champion of Okawaru.
             Mangled by a dire elephant (32 damage)
             ... on level 5 of the Lair of Beasts.
             The game lasted 01:27:58 (20808 turns).

juan097 the Grappler (Red Draconian Transmuter)    Turns: 20808, Time: 01:27:59

Health: -9/122     AC:  2    Str: 15    XL:     14   Next: 24%
Magic:  17/21      EV: 33    Int: 14    God:    Okawaru [******]
Gold:   1391       SH:  0    Dex: 19    Spells: 8/23 levels left

rFire   . . .        b - melded +4 shortbow (flame)
rCold   + . .        (shield currently unavailable)
rNeg    . . .        (body armour unavailable)
rPois   x            N - melded +2 hat {Will+}
rElec   .            Q - melded +1 cloak
rCorr   .            (gloves currently unavailable)
SInv    .            X - melded +0 pair of boots "Roqoaghi" {SInv}
Will    +....        c - amulet of faith
Stlth   +++          G - ring of protection from cold
HPRegen 0.40/turn    J - +5 ring of evasion
MPRegen 0.17/turn

%: faith
@: spider-form
A: venomous fangs, (breathe fire), AC +8, tiny, unfitting armour, (fire
resistance 1), (cold-blooded)
a: End Transformation, Renounce Religion, Heroism, Finesse, Duel


You were on level 5 of the Lair of Beasts.
You worshipped Okawaru.
Okawaru was exalted by your worship.
You were a venomous arachnid creature.
You visited 3 branches of the dungeon, and saw 15 of its levels.
You also visited: Ossuary and Ice Cave.

You collected 1391 gold pieces.

Inventory:

Hand Weapons
 b - a +4 shortbow of flaming (melded)
 g - a +4 triple crossbow of flaming
 S - a +3 longbow of draining
Missiles
 e - 6 silver boomerangs
 f - 29 poisoned darts
 s - 3 throwing nets
 B - 8 boomerangs
 L - 4 javelins
 O - a curare-tipped dart
 R - 5 datura-tipped darts
 U - 2 atropa-tipped darts
Armour
 N - a +2 hat of willpower (melded)
 Q - a +1 cloak (melded)
 X - the +0 pair of boots "Roqoaghi" (melded) {SInv}
   (Okawaru gifted it to you on level 2 of the Lair of Beasts)

   SInv:      It lets you see invisible.
Jewellery
 c - an amulet of faith (around neck)
 w - a ring of fire
 y - a ring of resist corrosion
 G - a ring of protection from cold (left front pincers)
 J - a +5 ring of evasion (right front pincers)
 Z - the ring of Impatience {rPois Int+4}
   (You found it on level 3 of the Lair of Beasts)

   [ring of poison resistance]

   Int:       It affects your intelligence (+4).
   rPois:     It protects you from poison.
Wands
 o - a wand of iceblast (4)
 F - a wand of paralysis (28)
 K - a wand of flame (22)
 V - a wand of quicksilver (16)
 Y - a wand of mindburst (8)
Scrolls
 h - 2 scrolls of magic mapping
 k - 5 scrolls of teleportation
 n - 4 scrolls of amnesia
 p - 3 scrolls of enchant weapon
 r - 3 scrolls of fog
 v - 5 scrolls of vulnerability
 A - a scroll of silence
 M - 2 scrolls of immolation
 P - 2 scrolls of blinking
 T - 2 scrolls of identify
 W - a scroll of fear
Potions
 a - a potion of lignification
 d - a potion of cancellation
 i - 3 potions of magic
 j - 5 potions of attraction {unknown}
 l - 6 potions of resistance
 m - 6 potions of curing
 q - 2 potions of degeneration
 t - a potion of haste {unknown}
 u - a potion of flight {unknown}
 x - a potion of invisibility {unknown}
 z - 2 potions of ambrosia {unknown}
 C - 2 potions of berserk rage {unknown}
 D - 3 potions of might {unknown}
 E - 6 potions of brilliance {unknown}
 H - 3 potions of heal wounds {unknown}
 I - 9 potions of mutation {unknown}


   Skills:
 + Level 10.6 Fighting
 - Level 6.0 Ranged Weapons
 - Level 10.0 Dodging
 - Level 5.0 Stealth
 - Level 12.0 Unarmed Combat
 - Level 5.0 Spellcasting
 - Level 10.0 Transmutations
 - Level 6.0 Ice Magic
 - Level 2.0 Earth Magic
 - Level 4.0 Poison Magic
 - Level 8.0 Invocations


You had 8 spell levels left.
You knew the following spells:

 Your Spells              Type           Power      Damage    Failure   Level
a - Beastly Appendage     Tmut           62%        N/A       2%          1
b - Wereblood             Tmut           31%        N/A       3%          2
c - Spider Form           Tmut/Pois      23%        N/A       11%         3
d - Ice Form              Ice/Tmut       25%        N/A       17%         4
e - Passwall              Tmut/Erth      16%        N/A       9%          2
f - Frozen Ramparts       Ice            40%        1d7       13%         3

Your spell library contained the following spells:

 Spells                   Type           Power      Damage    Failure   Level
 Sandblast                Erth           18%        2d7       21%         1
 Hailstorm                Conj/Ice       11%        3d5       34%         3
 Apportation              Tloc           6%         N/A       36%         1
 Necrotise                Necr           12%        1d4       36%         1
 Shock                    Conj/Air       12%        1d3       36%         1
 Slow                     Hex            12%        N/A       36%         1
 Stone Arrow              Conj/Erth      12%        3d7       56%         3
 Confusing Touch          Hex            3%         N/A       67%         3
 Vampiric Draining        Necr           3%         2d6       67%         3
 Freezing Cloud           Conj/Ice/Air   4%         6-21      98%         5
 Agony                    Necr           3%         N/A       100%        5
 Conjure Ball Lightning   Conj/Air       1%         3x3d6     100%        6
 Ozocubu's Refrigeration  Ice            10%        4d9       100%        7
 Summon Small Mammal      Summ           Unusable   N/A       N/A         1
 Summon Ice Beast         Ice/Summ       Unusable   N/A       N/A         4
 Summon Forest            Summ/Tloc      Unusable   N/A       N/A         5
 Summon Mana Viper        Hex/Summ       Unusable   N/A       N/A         5
 Summon Cactus Giant      Summ           Unusable   N/A       N/A         6
 Monstrous Menagerie      Summ           Unusable   N/A       N/A         7

Dungeon Overview and Level Annotations

Branches:
Dungeon (9/15)             Temple (1/1) D:6            Lair (5/5) D:9
  Swamp (0/4) Lair:2       Spider (0/4) Lair:3        Slime (0/5) Lair:5
Ossuary (visited)           IceCv (visited)
    Orc: D:9-12

Altars:
Ashenzari
Cheibriados
Dithmenos
Elyvilon
Fedhas
Hepliaklqana
Kikubaaqudgha
Makhleb
Nemelex Xobeh
Okawaru
Qazlal
Ru
Sif Muna
Trog
Uskayaw
Vehumet
Xom
Yredelemnul
Zin
The Shining One

Annotations:
D:2 Terence
D:3 Natasha
D:4 2 runed translucent doors, nononono's ghost, weakling BaFi
D:5 1 runed translucent door, Dittersdorf's ghost, novice GrFi


Innate Abilities, Weirdness & Mutations

You are a venomous arachnid creature.
You have venomous fangs.
You are tiny and dextrous.
Your spellcasting is less reliable in this form.
Your armour is entirely melded.
You are incapable of wielding weapons or throwing items.
((You can breathe blasts of fire.))
((Your fiery red scales are hard. (AC +8)))
You cannot fit into any form of body armour.
((Your flesh is heat resistant. (rF+)))
((You are cold-blooded and may be slowed by cold attacks.))


Message History

Your +4 shortbow of flaming stops flaming.
You feel less strong-willed.
The dire elephant is engulfed in blazing flames.
The dire elephant tramples you!
You stumble backwards!
You hit the dire elephant but do no damage.
The dire elephant is heavily wounded.
The dire elephant misses you. The dire elephant trunk-slaps you.
You hit the dire elephant.
The dire elephant is poisoned.
The dire elephant is heavily wounded.
You maul the dire elephant!!
The dire elephant is severely wounded.
The dire elephant completely misses you.
The dire elephant trunk-slaps you!
You hit the dire elephant.
The dire elephant looks as sick as possible!
The dire elephant is severely wounded.
The dire elephant completely misses you. x2
You hit the dire elephant but do no damage.
The dire elephant looks as sick as possible!
The dire elephant is severely wounded.
The dire elephant barely misses you. The dire elephant closely misses you.
You hit the dire elephant but do no damage.
The dire elephant is severely wounded.
You bite the dire elephant!
The dire elephant looks as sick as possible!
The dire elephant is almost dead.
The dire elephant tramples you!!
* * * LOW HITPOINT WARNING * * *
You stumble backwards!
Your magical contamination has completely faded away.
The dire elephant attacks as you move away!
The dire elephant tramples you!
* * * LOW HITPOINT WARNING * * *
The dire elephant misses you.
The dire elephant attacks as you move away!
The dire elephant completely misses you. x2
You have got your breath back.
The dire elephant attacks as you move away!
The dire elephant tramples you!!
You die...

.[...............................
................^................
..Y...##.........................
......###...##......#.###P#......
.....#.##..###......#######....#.
....P#.....##P.....##.#P.###....#
....###....##.......#....###.....
......#...........P..............
#...†.......#..Ys..P.............
.....#.....##.....###.##.##.....<
....####....##......#####.#....#.
....#####.###......###.#..#....##
....P#P..#.....................#.
..............(..................
#.#.######.#.#...P#............#.
##### #####.####.####.########
### ### ###


You could see a dire elephant (extremely poisoned).

Vanquished Creatures
  2 azure jellies (IceCv)
  A quicksilver ooze (IceCv)
  6 hydras
  A catoblepas (Lair:3)
  A centaur warrior (D:8)
  8 death yaks
  2 skysharks (Lair:4)
  9 elephants
  An ice statue (IceCv)
  5 black mambas
  10 cane toads
  11 komodo dragons
  4 rime drakes
  4 meliai (Lair:2)
  A troll (D:8)
  4 polar bears
  A queen bee (Lair:2)
  21 blink frogs
  3 jumping spiders (Lair:3)
  19 slime creatures
  2 culicivoras (Lair:3)
  3 wyverns
  A shadow (D:8)
  45 yaks
  6 basilisks
  3 redbacks (Lair:3)
  2 steam dragons
  4 sky beasts
  12 water moccasins
  6 ice beasts
  2 great orb of eyes simulacra (IceCv)
  An orc warrior (D:9)
  A black bear (D:6)
  3 ogres
  9 wolves
  4 centaurs
  4 slime creature simulacra (IceCv)
  2 kobold brigands
  3 scorpions
  10 bullfrogs
  A gnoll sergeant (D:7)
  A glowing shapeshifter simulacrum (IceCv)
  18 wights
  36 killer bees
  A howler monkey (D:6)
  A human zombie (Ossuary)
  A hound (D:5)
  5 jellies
  5 orc priests
  Jessica (D:3)
  4 iguanas
  6 orc wizards
  6 shapeshifter simulacra (IceCv)
  2 mummies (Ossuary)
  5 adders
  6 gnolls
  3 river rats (D:9)
  A shadow imp (D:7)
  13 white imps
  2 ufetubi
  3 worms
  6 dart slugs
  27 orcs
  4 ball pythons
  A bat (D:3)
  8 endoplasms
  3 goblins
  2 hobgoblins (D:2)
  7 jackals
  2 quokkas
  3 frilled lizards
  2 gnoll zombies (Ossuary)
  A goblin zombie (Ossuary)
  3 hobgoblin zombies (Ossuary)
  18 kobolds
  7 orc zombies (Ossuary)
  4 rats
456 creatures vanquished.

Vanquished Creatures (others)
  A butterfly (Lair:3)
  44 fungi
  59 plants
  10 withered plants (Lair:5)
114 creatures vanquished.

Grand Total: 570 creatures vanquished

Notes
Turn   | Place    | Note
-------+----------+-------------------------------------------
     0 | D:1      | juan097 the Draconian Transmuter began the quest for the
                  | Orb.
     0 | D:1      | Reached XP level 1. HP: 16/16 MP: 3/3
   246 | D:1      | Reached XP level 2. HP: 21/23 MP: 3/5
   249 | D:1      | Learned a level 2 spell: Wereblood
   812 | D:2      | You fall into a shaft and drop 2 floors!
   828 | D:4      | Reached skill level 1 in Stealth
  1003 | D:3      | Found a faded altar of an unknown god.
  1208 | D:3      | Noticed Jessica
  1212 | D:3      | Killed Jessica
  1213 | D:3      | Reached XP level 3. HP: 24/28 MP: 4/6
  1307 | D:3      | Reached skill level 4 in Unarmed Combat
  1470 | D:3      | Reached XP level 4. HP: 17/35 MP: 4/7
  1641 | D:3      | Noticed an ogre
  1921 | D:3      | Noticed Natasha
  2151 | D:2      | Reached XP level 5. HP: 40/40 MP: 6/8
  2288 | D:2      | Noticed Terence
  2371 | D:2      | Got the Anthology of the Allied Zephyr
  3235 | D:4      | Noticed a centaur
  3246 | D:4      | Killed a centaur
  3247 | D:4      | Reached skill level 5 in Unarmed Combat
  3251 | D:4      | Reached XP level 6. HP: 28/47 MP: 9/9
  3634 | D:4      | Reached skill level 6 in Unarmed Combat
  3876 | D:4      | Found a large runed translucent door.
  3876 | D:4      | Found a large runed translucent door.
  3878 | D:4      | Noticed nononono's ghost (weakling BaFi)
  4123 | D:4      | Learned a level 3 spell: Spider Form
  4249 | D:5      | Entered Level 5 of the Dungeon
  4275 | D:5      | Your scales start taking on a fiery red colour.
  4275 | D:5      | Reached XP level 7. HP: 53/53 MP: 8/10
  4275 | D:5      | Gained mutation: Your flesh is heat resistant. (rF+) [Red
                  | Draconian growth]
  4329 | D:5      | Reached skill level 1 in Poison Magic
  4647 | D:5      | Reached XP level 8. HP: 60/63 MP: 9/11
  4695 | D:5      | Found a runed translucent door.
  4701 | D:5      | Noticed Dittersdorf's ghost (novice GrFi)
  5090 | D:6      | Found a sand-covered staircase.
  5146 | Ossuary  | Entered an ossuary
  5535 | D:6      | Found an iron altar of Okawaru.
  5537 | D:6      | Found a stormy altar of Qazlal.
  5645 | D:6      | Found a staircase to the Ecumenical Temple.
  5811 | D:6      | Reached skill level 5 in Transmutations
  5883 | D:6      | Reached skill level 5 in Dodging
  5883 | D:6      | Reached skill level 7 in Unarmed Combat
  5883 | D:6      | Reached XP level 9. HP: 70/71 MP: 11/13
  6024 | Temple   | Entered the Ecumenical Temple
  6344 | D:6      | Became a worshipper of Warmaster Okawaru
  6807 | D:7      | Reached * piety under Okawaru
  6878 | D:7      | Reached skill level 8 in Unarmed Combat
  6883 | D:7      | Learned a level 4 spell: Ice Form
  7082 | D:7      | Reached ** piety under Okawaru
  7083 | D:7      | Reached skill level 1 in Ice Magic
  7663 | D:8      | Reached XP level 10. HP: 69/80 MP: 10/15
  7782 | D:8      | Reached *** piety under Okawaru
  7783 | D:8      | Reached skill level 1 in Invocations
  7917 | D:8      | Noticed a centaur warrior
  7930 | D:8      | Killed a centaur warrior
  7931 | D:8      | Reached skill level 5 in Fighting
  7940 | D:8      | Reached **** piety under Okawaru
  8529 | D:8      | Reached ***** piety under Okawaru
  8544 | D:8      | Received a gift from Okawaru
  8721 | D:8      | Reached skill level 9 in Unarmed Combat
  8866 | D:8      | Learned a level 2 spell: Passwall
  9314 | D:9      | Noticed a death yak
  9438 | D:9      | Reached XP level 11. HP: 29/82 MP: 14/17
  9709 | D:9      | Reached skill level 1 in Earth Magic
  9779 | D:9      | Found a staircase to the Lair.
  9966 | Lair:1   | Entered Level 1 of the Lair of Beasts
 10236 | Lair:1   | Found a frozen archway.
 10288 | IceCv    | Entered an ice cave
 10622 | IceCv    | Identified the +5 kite shield "Cucwumist" {MP+9} (Okawaru
                  | gifted it to you in an ice cave)
 10622 | IceCv    | Received a gift from Okawaru
 10648 | IceCv    | HP: 4/106 [slime creature (16)]
 11053 | IceCv    | Reached skill level 10 in Unarmed Combat
 11059 | IceCv    | Noticed a quicksilver ooze
 11071 | IceCv    | Killed a quicksilver ooze
 11668 | IceCv    | Found a viscous altar of Jiyva.
 11668 | IceCv    | Noticed an azure jelly
 11682 | IceCv    | Killed an azure jelly
 11800 | IceCv    | Noticed an azure jelly
 11814 | IceCv    | Killed an azure jelly
 11962 | IceCv    | Got the Commentary on Refrigeration
 11964 | IceCv    | Got the +0 dagger "Rauguis" {freeze, rF+ rN+}
 11965 | IceCv    | Identified the amulet "Dumupau" {Spirit Will+++ MP-9 Int+2
                  | Dex+5}
 12526 | Lair:1   | Reached XP level 12. HP: 82/97 MP: 19/19
 13004 | Lair:1   | Reached skill level 5 in Stealth
 13285 | Lair:1   | Reached skill level 5 in Spellcasting
 13363 | Lair:2   | Noticed a five-headed hydra
 13404 | Lair:2   | Reached skill level 5 in Ice Magic
 13935 | Lair:2   | Reached skill level 11 in Unarmed Combat
 13964 | Lair:2   | Reached ****** piety under Okawaru
 13968 | Lair:2   | Identified the +0 pair of boots "Roqoaghi" {SInv} (Okawaru
                  | gifted it to you on level 2 of the Lair of Beasts)
 13968 | Lair:2   | Received a gift from Okawaru
 14265 | Lair:2   | Reached skill level 5 in Invocations
 14356 | Lair:2   | Killed a five-headed hydra
 14653 | Lair:2   | Found a staircase to the Swamp.
 15006 | Lair:2   | Reached XP level 13. HP: 107/107 MP: 20/20
 15910 | Lair:3   | Reached skill level 10 in Transmutations
 16483 | Lair:3   | Found a hole to the Spider Nest.
 16485 | Lair:3   | Received a gift from Okawaru
 16498 | Lair:3   | Reached skill level 1 in Ranged Weapons
 16756 | Lair:3   | Identified the ring of Impatience {rPois Int+4}
 17220 | Lair:4   | Reached skill level 10 in Dodging
 17332 | Lair:4   | Received a gift from Okawaru
 17374 | Lair:4   | Reached skill level 12 in Unarmed Combat
 18200 | Lair:4   | Received a gift from Okawaru
 19013 | Lair:5   | Entered Level 5 of the Lair of Beasts
 19178 | Lair:5   | Received a gift from Okawaru
 19230 | Lair:5   | Reached skill level 5 in Ranged Weapons
 19815 | Lair:5   | Reached XP level 14. HP: 116/116 MP: 17/21
 20123 | Lair:5   | Identified the +0 hat "Zumiq" {rPois Regen+ Dex+3 Stlth-}
                  | (Okawaru gifted it to you on level 5 of the Lair of Beasts)
 20123 | Lair:5   | Received a gift from Okawaru
 20422 | Lair:5   | Reached skill level 10 in Fighting
 20432 | Lair:5   | Learned a level 3 spell: Frozen Ramparts
 20626 | Lair:5   | Found a staircase to the Slime Pits.
 20808 | Lair:5   | Mangled by a dire elephant

Illustrated notes

Levels and vault maps discovered:
D:1:      amcnicky_arrival_gap_in_the_tavern_cellar, layout_basic
D:2:      layout_basic, uniq_terence
D:3:      layout_basic, hellmonk_ecumenical_altar_dog_temple,
          minmay_misc_feat_four_crosses, minmay_ogre_servants, uniq_jessica,
          uniq_grinder, uniq_natasha
D:4:      layout_basic, ebering_ghost_disaster_area
D:5:      layout_rooms, ebering_ghost_reflecting_pool, nicolae_eternal_life
D:6:      layout_loops_ring, nicolae_overflow_hidden_temple, temple_pool_b,
          nicolae_ossuary_entry_ruins, serial_bayou_crossing
D:7:      layout_loops_ring, hangedman_decor_growths, dk_rats_in_the_wall
D:8:      minmay_ornate_pinched, layout_basic, hangedman_abyss_or_decor_clamps
D:9:      layout_roguey, dpeg_lair_monsters
Temple:   compressed_dpeg_circular_temple
Lair:1:   layout_gridlike, portal_ice_cave_entry_imps, grunt_megastairs_1
Lair:2:   regret_index_combs_of_tragedy, layout_misc_corridors,
          minmay_swamp_entry_reptiles, lemuel_fruit_tree
Lair:3:   layout_cave_pods, nicolae_spider_entry_tight_spaces,
          beast_lair_carwin_10, lemuel_fruit_fields
Lair:4:   layout_regular_city, cheibrodos_lair_lostbears, lemuel_fruit_fields
Lair:5:   due_jungle_book, layout_regular_city, minmay_slime_entry_pillars

Skill      XL: |  1  2  3  4  5  6  7  8  9 10 11 12 13 14 |
---------------+-------------------------------------------+-----
Stealth        | 1 2 3 4 5 |  5.0
Unarmed Combat | 4 5 6 7 8 9 10 11 12 | 12.0
Transmutations | 3 4 5 6 7 8 9 10 | 10.0
Dodging        | 2 4 5 6 7 8 9 10 | 10.0
Fighting       | 3 4 6 8 10 | 10.6
Poison Magic   | 2 3 4 |  4.0
Spellcasting   | 3 4 5 |  5.0
Ice Magic      | 1 3 4 5 6 |  6.0
Invocations    | 2 5 8 |  8.0
Earth Magic    | 2 |  2.0
Ranged Weapons | 6 |  6.0

Action                     |  1- 3 |  4- 6 |  7- 9 | 10-12 | 13-15 || total
---------------------------+-------+-------+-------+-------+-------++-------
  Melee: Unarmed           |   106 |   105 |   309 |   587 |   347 ||  1454
         Tailslap          |     9 |    12 |    51 |    28 |    12 ||   112
         Punch             |     4 |     5 |     7 |    19 |     5 ||    40
         Kick              |    11 |    29 |    18 |     6 |       ||    64
         Headbutt          |     5 |    13 |     8 |     2 |       ||    28
   Fire: Shortbow          |       |    16 |       |       |    58 ||    74
         Sling             |       |       |    20 |   113 |    47 ||   180
  Throw: Dart              |       |    10 |     3 |       |       ||    13
   Cast: Beastly Appendage |    12 |    22 |     9 |     1 |       ||    44
         Wereblood         |     2 |     4 |    18 |    22 |    12 ||    58
         Spider Form       |       |       |     1 |     4 |     1 ||     6
         Ice Form          |       |       |       |    23 |    29 ||    52
 Invoke: Heroism           |       |       |       |     9 |     4 ||    13
         Finesse           |       |       |       |     1 |       ||     1
Ability: Breathe Fire      |       |       |    26 |    35 |    16 ||    77
         End Transformatio |       |       |       |     3 |     2 ||     5
    Use: Potion            |       |     1 |     1 |     5 |       ||     7
         Scroll            |       |       |     7 |    10 |     6 ||    23
   Stab: Sleeping          |     4 |     1 |     3 |     2 |     3 ||    13
 Armour: Skin              |    22 |    25 |   100 |   124 |    71 ||   342
  Dodge: Dodged            |    49 |    54 |   205 |   617 |   294 ||  1219

Table legend: (Time is in decaauts)
 A = Elapsed time spent in this place.
 B = Non-inter-level travel time spent in this place.
 C = Inter-level travel time spent in this place.
 D = Time resting spent in this place.
 E = Time spent auto-exploring this place.
 F = Levels seen in this place.
 G = Mean time per level.
                   A        B        C        D        E       F      G
               +--------+--------+--------+--------+--------+-----+--------+
         Total |  20617 |  20014 |    603 |    114 |  14328 |  17 | 1212.8 |
       Dungeon |   9672 |   9243 |    429 |     69 |   6380 |   9 | 1074.7 |
        Temple |     95 |     81 |     14 |      0 |     59 |   1 |   95.0 |
          Lair |   8676 |   8516 |    160 |     45 |   6390 |   5 | 1735.2 |
       Ossuary |    130 |    130 |      0 |      0 |     53 |   1 |  130.0 |
      Ice Cave |   2042 |   2042 |      0 |      0 |   1446 |   1 | 2042.0 |
               +--------+--------+--------+--------+--------+-----+--------+

Top non-repeatable levels by time:
   IceCv: 2042 daAuts
  Lair:4: 1955 daAuts
  Lair:2: 1867 daAuts
  Lair:3: 1775 daAuts
     D:8: 1615 daAuts
  Lair:1: 1571 daAuts
  Lair:5: 1507 daAuts
     D:4: 1419 daAuts
     D:6: 1272 daAuts
     D:3: 1101 daAuts
     D:7: 1042 daAuts
     D:1: 866 daAuts
     D:2: 846 daAuts
     D:5: 821 daAuts
     D:9: 685 daAuts
